 Dungeon Crawl Stone Soup version 0.30-a0-2-gf48d83f5e2 (webtiles) character file.

Game seed: 10776309409412530408

4 ytrimaz the Insei (level 1, 0/13 HPs)
             Began as an Octopode Transmuter on Aug 20, 2022.
             Constricted to death by a ball python (1 damage)
             ... on level 1 of the Dungeon.
             The game lasted 00:00:15 (124 turns).

ytrimaz the Insei (Octopode Transmuter)              Turns: 124, Time: 00:00:15

Health: 0/13       AC:  1    Str: 15    XL:     1   Next: 70%
Magic:  2/3        EV: 10    Int: 15    God:
Gold:   11         SH:  0    Dex: 12    Spells: 3/4 levels left

rFire   . . .      SeeInvis .      - Unarmed
rCold   . . .      Faith    .    (no shield)
rNeg    . . .      Spirit   .    (helmet currently unavailable)
rPois   .          Reflect  .    (no amulet)
rElec   .          Harm     .    c - +6 ring of strength
rCorr   .          Rampage  .    (no ring)
Will    .....                    (no ring)
Stlth   ++........               (no ring)
HPRegen 0.04/turn                (no ring)
MPRegen 0.08/turn                (no ring)
                                 (no ring)
                                 (no ring)

@: appendages, constricted
A: tentacle spike 3, almost no armour, amphibious, 8 rings, camouflage 1,
gelatinous body 1, (nimble swimmer 1), tentacles
a: End Transformation


You were on level 1 of the Dungeon.
One of your tentacles had grown a beastly spike.
You visited 1 branch of the dungeon, and saw 1 of its levels.

You collected 11 gold pieces.

Inventory:

Jewellery
 c - a +6 ring of strength (left tentacle)
Potions
 a - a potion of lignification
 b - a potion of cancellation {unknown}


   Skills:
 - Level 1.0 Fighting
 - Level 2.0 Dodging
 - Level 3.0 Unarmed Combat
 * Level 2.2 Spellcasting
 * Level 2.2 Transmutations


You had 3 spell levels left.
You knew the following spells:

 Your Spells              Type           Power      Damage    Failure   Level
a - Beastly Appendage     Tmut           16%        N/A       9%          1

Your spell library contained the following spells:

 Spells                   Type           Power      Damage    Failure   Level
 Wereblood                Tmut           8%         N/A       13%         2
 Spider Form              Tmut/Pois      4%         N/A       38%         3
 Ice Form                 Ice/Tmut       4%         N/A       80%         4


Dungeon Overview and Level Annotations

Branches:
Dungeon (1/15)

Altars:


Innate Abilities, Weirdness & Mutations

One of your tentacles has grown a beastly spike.
You cannot wear most types of armour.
You are amphibious.
You can wear up to eight rings at the same time.
Your skin changes colour to match your surroundings (Stealth+).
Your rubbery body absorbs attacks. (AC +1, EV +1)
((You are camouflaged when in or above water. (Stealth+)))
You have tentacles for arms and can constrict up to eight enemies at once.


Message History

You now have 11 gold pieces.
A goblin comes into view. It is wielding a +0 club.
You open the door.
There is an open door here.
A goblin is nearby!
A goblin is nearby!
One of your tentacles grows a vicious spike.
The goblin closely misses you.
You tentacle-slap the goblin.
You kill the goblin!
You see here a +0 club.
Your transformation is almost over.
Your tentacle spike disappears.
A ball python comes into view.
A ball python is nearby!
A ball python is nearby!
One of your tentacles grows a vicious spike.
A ball python comes into view.
A bat comes into view.
Found 6 gold pieces.
The ball python hisses angrily. x2
You tentacle-slap the ball python.
You kill the ball python!
The bat closely misses you. The bat hits you. The bat barely misses you.
The ball python bites you. The ball python closely misses you.
The ball python bites you. The ball python closely misses you.
You tentacle-slap the ball python. Your grab misses the ball python.
The ball python is severely wounded.
The bat misses you. The bat hits you. The ball python bites you.
The ball python grabs you. The ball python constricts you.
You closely miss the ball python. Your grab misses the ball python.
Your tentacle spike misses the ball python.
The ball python is severely wounded.
The bat hits you.
* * * LOW HITPOINT WARNING * * *
The ball python bites you.
* * * LOW HITPOINT WARNING * * *
The ball python constricts you.
You die...

#.)...# #.....#
##....#
#....############
#......#........#
+....###.#........#
###..# #..........#
#..# ##...b.....#
#.. #...@S....# #.
#........$#
##........#
#........#
.........#
..........#
#.....####.#
####### ..


You could see a bat and a ball python.

Vanquished Creatures
  2 ball pythons (D:1)
  An endoplasm (D:1)
  A goblin (D:1)
4 creatures vanquished.

Notes
Turn   | Place    | Note
-------+----------+-------------------------------------------
     0 | D:1      | ytrimaz the Octopode Transmuter began the quest for the
                  | Orb.
     0 | D:1      | Reached XP level 1. HP: 13/13 MP: 3/3
   124 | D:1      | Constricted to death by a ball python

Illustrated notes

Levels and vault maps discovered:
D:1:      scummos_arrival_simple_fountains, layout_basic,
          shapermc_ecumenical_altar_mp_ritualfount, serial_shops,
          nicolae_shop_temple_entry_statues_fountains

Action                   || total
-------------------------++-------
Melee: Unarmed           ||     8
 Cast: Beastly Appendage ||     4
 Stab: Sleeping          ||     2
Dodge: Dodged            ||     8

Table legend: (Time is in decaauts)
 A = Elapsed time spent in this place.
 B = Non-inter-level travel time spent in this place.
 C = Inter-level travel time spent in this place.
 D = Time resting spent in this place.
 E = Time spent auto-exploring this place.
 F = Levels seen in this place.
 G = Mean time per level.
                   A        B        C        D        E       F      G
               +--------+--------+--------+--------+--------+-----+--------+
         Total |    123 |    123 |      0 |      0 |     81 |   1 |  123.0 |
       Dungeon |    123 |    123 |      0 |      0 |     81 |   1 |  123.0 |
               +--------+--------+--------+--------+--------+-----+--------+

Top non-repeatable levels by time:
     D:1: 123 daAuts
